MWL (24 & UNDER)
MANHATTEN MEATHEADS @ LEE'S SUMMIT TIGERS
09/23/2027
 
TOP OF THE 1ST
Manhatten Meatheads batting - Pitching for Lee's Summit Tigers : RHP Josse Teves
Pitching: RHP Josse Teves
Batting: RHB Luis Reynoso 0-0: Ground out 5-3 (Groundball, 56S)
Batting: LHB Miguel Pérez 0-0: Called Strike
0-1: Ball
1-1: SINGLE (Groundball, 6MD)
Batting: SHB José Sousa 0-0: Called Strike
0-1: Reached on error, E4 (Groundball, 4)
Miguel Pérez to second
Batting: LHB Eric Dillard 0-0: Foul Ball, location: 2F
0-1: Reached on error, E4 (Groundball, 4)
Miguel Pérez to third
José Sousa to second
Batting: RHB José Esparza 0-0: Ball
1-0: Ball
2-0: Foul Ball, location: 2F
2-1: Ball
3-1: Foul Ball, location: 2F
3-2: Fly out, F3 (Popup, 3S)
Batting: SHB León Glaviz 0-0: Ball
1-0: Foul Ball, location: 2F
1-1: Hit by Pitch
Miguel Pérez scores
José Sousa to third
Eric Dillard to second
Batting: RHB Ismael Hidalgo 0-0: Called Strike
0-1: SINGLE (Groundball, 4MD)
José Sousa scores
Eric Dillard to third
León Glaviz to second
Runner from 3rd tries for Home, SAFE, throw made at trailing runner, SAFE at third!
Batting: LHB Hidalgo García 0-0: Ground out 4-3 (Groundball, 4S)
Top of the 1st over - 3 run(s), 2 hit(s), 2 error(s), 2 left on base; Manhatten 3 - Lee's Summit 0
BOTTOM OF THE 1ST
Lee's Summit Tigers batting - Pitching for Manhatten Meatheads : RHP Juan De Jesús
Pitching: RHP Juan De Jesús
Batting: RHB Jesús Ramos 0-0: Called Strike
0-1: Reached on error, E6 (Groundball, 6)
Batting: RHB Ricardo Velásquez 0-0: Called Strike
0-1: Ball
1-1: Ball
2-1: SINGLE (Groundball, 6D)
Jesús Ramos to third
Runner from 3rd tries for Home, SAFE, no throw
Batting: LHB Darren Holland 0-0: Called Strike
Ricardo Velásquez steals 2nd base
0-1: Ground out U3 (Groundball, 34)
Ricardo Velásquez to third
Batting: LHB Dale Miller 0-0: Ball
1-0: Ball
2-0: Fly out, F7 (Flyball, 7LS)
Batting: LHB Al Miller 0-0: Foul Ball, location: 2F
0-1: Ball
1-1: Foul Ball, location: 2F
1-2: Fly out, F5 (Line Drive, 56)
Bottom of the 1st over - 1 run(s), 1 hit(s), 1 error(s), 1 left on base; Manhatten 3 - Lee's Summit 1
TOP OF THE 2ND
Manhatten Meatheads batting - Pitching for Lee's Summit Tigers : RHP Josse Teves
Batting: RHB George Green 0-0: Reached on error, E5 (Groundball, 5)
Batting: RHB Luis Reynoso 0-0: Ball
1-0: Called Strike
1-1: Foul Ball, location: 2F
1-2: Ball
2-2: Hit by Pitch
George Green to second
Batting: LHB Miguel Pérez 0-0: Fielders Choice at 2nd, 1-4 (Groundball, 15S)
George Green to third
Batting: SHB José Sousa 0-0: Ball
1-0: Ball
2-0: Ball
3-0: Base on Balls
Miguel Pérez to second
Batting: LHB Eric Dillard 0-0: Called Strike
0-1: Ball
1-1: Swinging Strike
1-2: Ball
2-2: Foul Ball, location: 2F
2-2: Foul Ball, location: 2F
2-2: Foul Ball, location: 2F
2-2: Single, Error in OF, E8, batter to second base
George Green scores
Miguel Pérez scores
José Sousa to third
Batting: RHB José Esparza 0-0: Ball
1-0: Called Strike
1-1: Ground out 5-3 (Groundball, 56S)
José Sousa scores
Eric Dillard to third
Batting: SHB León Glaviz 0-0: Ball
1-0: Ball
2-0: Ball
3-0: Called Strike
3-1: Base on Balls
Batting: RHB Ismael Hidalgo 0-0: Ball
1-0: Called Strike
1-1: Fielders Choice at 2nd, 6-4 (Groundball, 6)
Top of the 2nd over - 3 run(s), 1 hit(s), 2 error(s), 1 left on base; Manhatten 6 - Lee's Summit 1
BOTTOM OF THE 2ND
Lee's Summit Tigers batting - Pitching for Manhatten Meatheads : RHP Juan De Jesús
Batting: RHB Michael Hall 0-0: Ball
1-0: Swinging Strike
1-1: Called Strike
1-2: Foul Ball, location: 2F
1-2: Strikes out swinging
Batting: RHB Kyle Baylor 0-0: Ball
1-0: SINGLE (Line Drive, 4D)
Batting: RHB Hubert MacDonald 0-0: Called Strike
0-1: Ball
1-1: Called Strike
1-2: Strikes out looking
Batting: RHB César Martínez 0-0: Called Strike
Kyle Baylor steals 2nd base
0-1: Ball
1-1: Ball
2-1: Foul Ball, location: 2F
2-2: Ball
3-2: Base on Balls
Batting: RHB Jesús Ramos 0-0: Ball
1-0: Foul Ball, location: 2F
1-1: Foul Ball, location: 2F
1-2: Foul Ball, location: 2F
1-2: DOUBLE (Line Drive, 7LM)
Kyle Baylor scores
César Martínez to third
Batting: RHB Ricardo Velásquez 0-0: Called Strike
0-1: Ground out 5-3 (Groundball, 5L)
Bottom of the 2nd over - 1 run(s), 2 hit(s), 0 error(s), 2 left on base; Manhatten 6 - Lee's Summit 2
TOP OF THE 3RD
Manhatten Meatheads batting - Pitching for Lee's Summit Tigers : RHP Josse Teves
Batting: LHB Hidalgo García 0-0: Ball
1-0: Foul Ball, location: 2F
1-1: Ball
2-1: Foul Ball, location: 2F
2-2: Foul Ball, location: 2F
2-2: Ball
3-2: Foul Ball, location: 2F
3-2: Strikes out swinging
Batting: RHB George Green 0-0: Called Strike
0-1: Called Strike
0-2: Ball
1-2: Ball
2-2: SOLO HOME RUN (Flyball, 78XD), Distance : 383 ft
Batting: RHB Luis Reynoso 0-0: Called Strike
0-1: Foul Ball, location: 2F
0-2: Foul Ball, location: 2F
0-2: Ball
1-2: Ball
2-2: Foul Ball, location: 2F
2-2: SINGLE (Groundball, 6MD)
Batting: LHB Miguel Pérez 0-0: Ball
Luis Reynoso steals 2nd base
1-0: DOUBLE (Groundball, 5L)
Luis Reynoso scores
Pitching: RHP Héctor Bernard
Pinch Runner at 2nd Lúcio Sánchez:
Batting: SHB José Sousa 0-0: Called Strike
0-1: Ball
1-1: Swinging Strike
1-2: Ball
2-2: Foul Ball, location: 2F
2-2: Strikes out swinging
Batting: LHB Eric Dillard 0-0: Ball
1-0: Ball
2-0: Called Strike
2-1: Ball
3-1: Base on Balls
Batting: RHB José Esparza 0-0: Called Strike
0-1: Foul Ball, location: 2F
0-2: Strikes out swinging
Top of the 3rd over - 2 run(s), 3 hit(s), 0 error(s), 2 left on base; Manhatten 8 - Lee's Summit 2
BOTTOM OF THE 3RD
Lee's Summit Tigers batting - Pitching for Manhatten Meatheads : RHP Juan De Jesús
Now at 1B: Lúcio Sánchez
Batting: LHB Darren Holland 0-0: Ground out 1-3 (Groundball, 15S)
Batting: LHB Dale Miller 0-0: Ball
1-0: Ball
2-0: Ground out 5-3 (Groundball, 56)
Batting: LHB Al Miller 0-0: Ball
1-0: Ball
2-0: Called Strike
2-1: Swinging Strike
2-2: Ball
3-2: Strikes out swinging
Bottom of the 3rd over - 0 run(s), 0 hit(s), 0 error(s), 0 left on base; Manhatten 8 - Lee's Summit 2
TOP OF THE 4TH
Manhatten Meatheads batting - Pitching for Lee's Summit Tigers : RHP Héctor Bernard
Batting: SHB León Glaviz 0-0: Ball
1-0: Called Strike
1-1: Hit by Pitch
Batting: RHB Ismael Hidalgo 0-0: Hit by Pitch
León Glaviz to second
Batting: LHB Hidalgo García 0-0: Ball
1-0: Ball
2-0: Ball
3-0: Base on Balls
León Glaviz to third
Ismael Hidalgo to second
Batting: RHB George Green 0-0: Called Strike
0-1: Ball
1-1: Ball
Passed Ball!
León Glaviz scores
Ismael Hidalgo to third
Hidalgo García to second
2-1: Ball
3-1: Foul Ball, location: 2F
3-2: Foul Ball, location: 2F
3-2: Foul Ball, location: 2F
3-2: Base on Balls
Batting: RHB Luis Reynoso 0-0: SINGLE (Groundball, 56D)
Ismael Hidalgo scores
Hidalgo García to third
George Green to second
Batting: RHB Lúcio Sánchez 0-0: Called Strike
0-1: Foul Ball, location: 2F
0-2: Ball
1-2: DOUBLE (Flyball, 89M)
Hidalgo García scores
George Green scores
Luis Reynoso to third
Pitching: LHP Dave McCoy
Batting: SHB José Sousa 0-0: Ball
1-0: Ball
2-0: Fly out, F8 (Flyball, 78D)
Runner from 3rd tags up, SCORES, no throw
Batting: LHB Eric Dillard 0-0: Ball
1-0: Swinging Strike
1-1: Called Strike
1-2: Foul Ball, location: 2F
1-2: Strikes out swinging
Batting: RHB José Esparza 0-0: Ball
1-0: Called Strike
1-1: Called Strike
1-2: Strikes out looking
Top of the 4th over - 5 run(s), 2 hit(s), 0 error(s), 1 left on base; Manhatten 13 - Lee's Summit 2
BOTTOM OF THE 4TH
Lee's Summit Tigers batting - Pitching for Manhatten Meatheads : RHP Juan De Jesús
Batting: RHB Michael Hall 0-0: Called Strike
0-1: Ball
1-1: DOUBLE (Flyball, 8RD)
Batting: RHB Kyle Baylor 0-0: Ball
1-0: Ball
Michael Hall steals 3rd base
2-0: Called Strike
2-1: Swinging Strike
2-2: SINGLE (Groundball, 6MD)
Michael Hall scores
Batting: RHB Hubert MacDonald 0-0: Ball
1-0: Ball
2-0: Ball
3-0: Called Strike
3-1: Swinging Strike
3-2: Strikes out swinging
Batting: RHB César Martínez 0-0: Ball
1-0: Swinging Strike
1-1: Swinging Strike
1-2: Strikes out swinging
Batting: RHB Jesús Ramos 0-0: Ball
1-0: Called Strike
Kyle Baylor steals 2nd base
1-1: Fly out, F8 (Flyball, 8LM)
Bottom of the 4th over - 1 run(s), 2 hit(s), 0 error(s), 1 left on base; Manhatten 13 - Lee's Summit 3
TOP OF THE 5TH
Manhatten Meatheads batting - Pitching for Lee's Summit Tigers : LHP Dave McCoy
Batting: SHB León Glaviz 0-0: Called Strike
0-1: Called Strike
0-2: Strikes out swinging
Batting: RHB Ismael Hidalgo 0-0: Ball
1-0: Called Strike
1-1: Foul Ball, location: 2F
1-2: Strikes out looking
Batting: LHB Hidalgo García 0-0: Ball
1-0: Ball
2-0: Called Strike
2-1: Swinging Strike
2-2: Ground out 1-3 (Groundball, 13S)
Top of the 5th over - 0 run(s), 0 hit(s), 0 error(s), 0 left on base; Manhatten 13 - Lee's Summit 3
BOTTOM OF THE 5TH
Lee's Summit Tigers batting - Pitching for Manhatten Meatheads : RHP Juan De Jesús
Batting: RHB Ricardo Velásquez 0-0: Ball
1-0: Fly out, F8 (Flyball, 8RM)
Batting: LHB Darren Holland 0-0: Foul Ball, location: 2F
0-1: Foul Ball, location: 2F
0-2: Fly out, F1 (Line Drive, 13)
Batting: LHB Dale Miller 0-0: Ball
1-0: Swinging Strike
1-1: Foul Ball, location: 2F
1-2: Ball
2-2: Foul Ball, location: 2F
2-2: Ground out 1-3 (Groundball, 13S)
Bottom of the 5th over - 0 run(s), 0 hit(s), 0 error(s), 0 left on base; Manhatten 13 - Lee's Summit 3
TOP OF THE 6TH
Manhatten Meatheads batting - Pitching for Lee's Summit Tigers : LHP Dave McCoy
Batting: RHB George Green 0-0: Foul Ball, location: 2F
0-1: Swinging Strike
0-2: Ball
1-2: Ball
2-2: Ball
3-2: Fly out, F4 (Popup, 4D)
Batting: RHB Luis Reynoso 0-0: Ball
1-0: Called Strike
1-1: Foul Ball, location: 2F
1-2: Ball
2-2: Ground out 5-3 (Groundball, 56)
Batting: RHB Lúcio Sánchez 0-0: Ground out 3-1 (Groundball, 34)
Top of the 6th over - 0 run(s), 0 hit(s), 0 error(s), 0 left on base; Manhatten 13 - Lee's Summit 3
BOTTOM OF THE 6TH
Lee's Summit Tigers batting - Pitching for Manhatten Meatheads : RHP Juan De Jesús
Batting: LHB Al Miller 0-0: Swinging Strike
0-1: Foul Ball, location: 2F
0-2: Strikes out looking
Batting: RHB Michael Hall 0-0: Ball
1-0: Ball
2-0: Ground out 1-3 (Groundball, 15S)
Batting: RHB Kyle Baylor 0-0: Called Strike
0-1: Fly out, F7 (Flyball, 7)
Bottom of the 6th over - 0 run(s), 0 hit(s), 0 error(s), 0 left on base; Manhatten 13 - Lee's Summit 3
TOP OF THE 7TH
Manhatten Meatheads batting - Pitching for Lee's Summit Tigers : LHP Dave McCoy
Pitching: RHP Alejandro Longoria
Batting: SHB José Sousa 0-0: Called Strike
0-1: Ball
1-1: Ball
2-1: Foul Ball, location: 2F
2-2: Strikes out swinging
Batting: LHB Eric Dillard 0-0: Swinging Strike
0-1: SINGLE (Flyball, 8LS)
Batting: RHB José Esparza 0-0: Hit by Pitch
Eric Dillard to second
Batting: SHB León Glaviz 0-0: Ball
1-0: Swinging Strike
1-1: Ball
2-1: Ball
3-1: Called Strike
3-2: Base on Balls
Eric Dillard to third
José Esparza to second
Batting: RHB Ismael Hidalgo 0-0: Ball
1-0: Ball
2-0: Fly out, F8 (Line Drive, 8LM)
Runner from 3rd tags up, SCORES, no throw
Batting: LHB Hidalgo García 0-0: Called Strike
0-1: Foul Ball, location: 2F
0-2: Strikes out swinging
Top of the 7th over - 1 run(s), 1 hit(s), 0 error(s), 2 left on base; Manhatten 14 - Lee's Summit 3
BOTTOM OF THE 7TH
Lee's Summit Tigers batting - Pitching for Manhatten Meatheads : RHP Juan De Jesús
Pitching: RHP Luis Bernal
Batting: RHB Hubert MacDonald 0-0: Ball
1-0: Foul Ball, location: 2F
1-1: Fly out, F5 (Popup, 5L)
Batting: RHB César Martínez 0-0: Foul Ball, location: 2F
0-1: Foul Ball, location: 2F
0-2: Foul Ball, location: 2F
0-2: Ball
1-2: Foul Ball, location: 2F
1-2: Fly out, F5 (Line Drive, 56)
Batting: RHB Jesús Ramos 0-0: SINGLE (Flyball, 8RS)
Batting: RHB Ricardo Velásquez 0-0: Foul Ball, location: 2F
0-1: Fielders Choice at 2nd, 5-4 (Groundball, 56)
Bottom of the 7th over - 0 run(s), 1 hit(s), 0 error(s), 0 left on base; Manhatten 14 - Lee's Summit 3
TOP OF THE 8TH
Manhatten Meatheads batting - Pitching for Lee's Summit Tigers : RHP Alejandro Longoria
Batting: RHB George Green 0-0: Called Strike
0-1: Called Strike
0-2: Ball
1-2: Ball
2-2: Foul Ball, location: 2F
2-2: Fly out, F8 (Flyball, 8LS)
Batting: RHB Luis Reynoso 0-0: Fly out, F5 (Popup, 5S)
Batting: RHB Lúcio Sánchez 0-0: Ball
1-0: Called Strike
1-1: Swinging Strike
1-2: Ball
2-2: Fly out, F9 (Flyball, 9D)
Top of the 8th over - 0 run(s), 0 hit(s), 0 error(s), 0 left on base; Manhatten 14 - Lee's Summit 3
BOTTOM OF THE 8TH
Lee's Summit Tigers batting - Pitching for Manhatten Meatheads : RHP Luis Bernal
Batting: LHB Darren Holland 0-0: Ball
1-0: Ball
2-0: Called Strike
2-1: Ball
3-1: Base on Balls
Batting: LHB Dale Miller 0-0: Ball
1-0: Ball
2-0: Ball
3-0: Called Strike
3-1: Foul Ball, location: 2F
3-2: Base on Balls
Darren Holland to second
Batting: LHB Al Miller 0-0: Ball
1-0: Foul Ball, location: 2F
1-1: Ball
2-1: Foul Ball, location: 2F
2-2: Strikes out swinging
Batting: RHB Michael Hall 0-0: Ball
1-0: Called Strike
1-1: Foul Ball, location: 2F
1-2: Strikes out swinging
Batting: RHB Kyle Baylor 0-0: Ball
1-0: Ground out 1-3 (Groundball, 13)
Bottom of the 8th over - 0 run(s), 0 hit(s), 0 error(s), 2 left on base; Manhatten 14 - Lee's Summit 3
TOP OF THE 9TH
Manhatten Meatheads batting - Pitching for Lee's Summit Tigers : RHP John Brock
Pitching: RHP John Brock
Batting: SHB José Sousa 0-0: Ball
1-0: Ground out U3 (Groundball, 34)
Batting: LHB Eric Dillard 0-0: Foul Ball, location: 2F
0-1: Ball
1-1: Foul Ball, location: 2F
1-2: Ground out 3-1 (Groundball, 34S)
Batting: RHB José Esparza 0-0: Reached on error, E3 (Groundball, 34)
Batting: SHB León Glaviz 0-0: Called Strike
José Esparza steals 2nd base
0-1: Ball
1-1: Hit by Pitch
Batting: RHB Ismael Hidalgo 0-0: Called Strike
0-1: Ball
1-1: Ball
2-1: Ball
3-1: Foul Ball, location: 2F
3-2: Foul Ball, location: 2F
3-2: Foul Ball, location: 2F
3-2: Base on Balls
José Esparza to third
León Glaviz to second
Batting: LHB Hidalgo García 0-0: Swinging Strike
0-1: Called Strike
0-2: Strikes out swinging
Top of the 9th over - 0 run(s), 0 hit(s), 1 error(s), 3 left on base; Manhatten 14 - Lee's Summit 3
BOTTOM OF THE 9TH
Lee's Summit Tigers batting - Pitching for Manhatten Meatheads : RHP Luis Bernal
Batting: RHB Hubert MacDonald 0-0: Ball
1-0: Foul Ball, location: 2F
1-1: Ball
2-1: Swinging Strike
2-2: Ball
3-2: Base on Balls
Batting: RHB César Martínez 0-0: Called Strike
0-1: Swinging Strike
0-2: Ball
1-2: Strikes out swinging
Batting: RHB Jesús Ramos 0-0: Ball
1-0: Foul Ball, location: 2F
1-1: Foul Ball, location: 2F
1-2: Foul Ball, location: 2F
1-2: SINGLE (Groundball, 4D)
Hubert MacDonald to second
Runner from 2nd tries for 3rd, OUT!
Jesús Ramos to second
Batting: RHB Ricardo Velásquez 0-0: Ball
1-0: Ball
2-0: Called Strike
2-1: Fly out, F7 (Flyball, 7)
Bottom of the 9th over - 0 run(s), 1 hit(s), 0 error(s), 1 left on base; Manhatten 14 - Lee's Summit 3
Thursday, March 30th, 2017 - OOTP Baseball 17.12 Build 75